 Dungeon Crawl Stone Soup version 0.22-a0-369-gc73351f94e (webtiles) character file.

91 Minion the Conjurer (level 4, -2/24 HPs)
             Began as a Tengu Conjurer on Apr 25, 2018.
             Slain by an iguana (12 damage)
             ... on level 3 of the Dungeon.
             The game lasted 00:04:06 (2806 turns).

Minion the Conjurer (Tengu Conjurer)                Turns: 2806, Time: 00:04:06

Health: -2/24      AC:  4    Str:  8    XL:     4   Next: 59%
Magic:  1/10       EV: 13    Int: 16    God:
Gold:   115        SH:  0    Dex: 15    Spells: 8/9 levels left

rFire    . . .     SeeInvis .   (no weapon)
rCold    . . .     Gourm    .   (no shield)
rNeg     . . .     Faith    .   a - +0 robe
rPois    .         Spirit   .   (helmet restricted)
rElec    .         Reflect  .   g - +1 cloak
rCorr    .         Harm     .   (no gloves)
MR       .....                  (boots unavailable)
Stlth    ++........             (no amulet)
HPRegen  0.08/turn              (no ring)
MPRegen  0.12/turn              (no ring)

@: no status effects
A: beak, talons 3
a: no special abilities


You were on level 3 of the Dungeon.
You were not hungry.

You visited 1 branch of the dungeon, and saw 3 of its levels.

You collected 115 gold pieces.

Inventory:

Armour
 a - a +0 robe (worn)
 g - a +1 cloak (worn)
Scrolls
 f - a scroll of amnesia
 h - a scroll of remove curse
Potions
 b - a potion of degeneration {unknown}
 d - a potion of magic {unknown}
 e - 2 potions of curing
 k - a potion of lignification {unknown}
Comestibles
 c - 7 rations
 i - a chunk of flesh


   Skills:
 - Level 2.1 Dodging
 - Level 2.0 Stealth
 + Level 3.3 Spellcasting
 + Level 6.6 Conjurations


You had 8 spell levels left.
You knew the following spells:

 Your Spells              Type           Power        Failure   Level  Hunger
a - Magic Dart            Conj           ###.         1%          1    None


Dungeon Overview and Level Annotations

Branches:
Dungeon (3/15)

Altars:


Innate Abilities, Weirdness & Mutations

You have a beak for a mouth.
You have claws for feet.


Message History

There is a stone staircase leading up here.
You see here a whip.
You see here 7 poisoned needles.
There is a stone staircase leading up here.
You see here a whip.
The iguana barely misses you.
You see here 7 poisoned needles.
You closely miss the iguana.
The iguana is severely wounded.
The iguana bites you.
Casting: Magic Dart (safe; 1% risk of failure)
Confirm with . or Enter, or press ? or * to list all spells.
Aiming: Magic Dart (safe; 1% risk of failure)
Press: ? - help, Shift-Dir - straight line, f/p - iguana
Aim: an iguana (severely wounded)
The magic dart hits the iguana.
The iguana is severely wounded.
The iguana bites you!
Ouch! That really hurt!
You die...

############
#.#.....%.....
#...........#
#.@..#
.#!#.#l#..#..#.
........)........
#.#.#.#.........#
#.#.#.######. #
#.#.. #.#### ...
###


You could see an iguana.

Vanquished Creatures
  2 adders (D:2)
  An ooze (D:1)
  A worm (D:2)
  2 dart slugs
  3 giant cockroaches
  5 goblins
  9 hobgoblins
  8 jackals
  8 kobolds
  2 quokkas (D:2)
  10 bats
  3 frilled lizards
  4 rats
58 creatures vanquished.

Notes
Turn   | Place    | Note
-------+----------+-------------------------------------------
     0 | D:1      | Minion the Tengu Conjurer began the quest for the Orb.
     0 | D:1      | Reached XP level 1. HP: 10/10 MP: 4/4
     0 | D:1      | Noticed a spriggan
     0 | D:1      | Noticed a vine stalker
     0 | D:1      | Noticed a dwarf
     2 | D:1      | Noticed a troll
     2 | D:1      | Noticed an octopode
     4 | D:1      | Noticed an elf
     4 | D:1      | Noticed a vine stalker
     8 | D:1      | Noticed a troll
    10 | D:1      | Noticed a centaur
    12 | D:1      | Noticed an octopode
    14 | D:1      | Noticed a naga
    17 | D:1      | Noticed a felid
    17 | D:1      | Noticed an elf
    17 | D:1      | Noticed a felid
    19 | D:1      | Noticed a felid
    19 | D:1      | Noticed a vine stalker
    21 | D:1      | Noticed a draconian
    23 | D:1      | Noticed a vampire
   160 | D:1      | Reached XP level 2. HP: 14/15 MP: 0/6
   973 | D:1      | Reached skill level 6 in Conjurations
   973 | D:1      | Reached XP level 3. HP: 19/19 MP: 2/8
  1740 | D:2      | Reached XP level 4. HP: 22/24 MP: 0/9
  2806 | D:3      | Slain by an iguana

Vault maps used:
D:1:      shiori_arrival_whats_in_store_for_you
D:2:      guppyfry_early_lair_pool
D:3:      grunt_temple_overflow_open, first_ration, grunt_ministairs_15,
          uniq_robin

Skill      XL: |  1  2  3 |
---------------+----------+-----
Conjurations   | 6 |  6.6
Spellcasting   | 3 |  3.3
Dodging        | |  2.1
Stealth        | |  2.0

Action                   |  1- 3 |  4- 6 || total
-------------------------+-------+-------++-------
Melee: Unarmed           |    13 |     8 ||    21
       Kick              |     1 |       ||     1
       Peck              |     1 |       ||     1
 Cast: Magic Dart        |    86 |    52 ||   138
  Use: Scroll            |       |     5 ||     5
  Eat: Chunk             |     3 |     3 ||     6
Armor: Robe              |    22 |     7 ||    29
Dodge: Dodged            |    40 |    31 ||    71

Table legend:
 A = Spawn XP
 B = Non-spawn XP
 C = Spawn XP percentage of total XP
 D = Spawn monster count
 E = Non-spawn monster count
 F = Spawn count percentage of total count
 G = Total turns spent on level
                    A         B        C        D         E        F      G
               +---------+---------+-------+---------+---------+-------+---------
         Total |       0 |     131 |   0.0 |       0 |      58 |   0.0 |  2806
               +---------+---------+-------+---------+---------+-------+---------
           D:1 |       0 |      57 |   0.0 |       0 |      30 |   0.0 |  1201
           D:2 |       0 |      73 |   0.0 |       0 |      27 |   0.0 |  1575
           D:3 |       0 |       1 |   0.0 |       0 |       1 |   0.0 |    30
               +---------+---------+-------+---------+---------+-------+---------
